Map: Ultralove

Players

SHIN

  • Race: Zerg Zerg
  • Spawn Location: 7:00

Solar - Winner!

  • Race: Zerg Zerg
  • Spawn Location: 1:00

Event: Esports World Cup 2025

VOD

Have the link to the VOD?

Description

Time

  • Played on: July 24, 2025, 6 a.m.
  • Length: 9:10

All games in this series

Show
View Real Time Build Order
Export as new Build Order

SHIN Zerg 

Build Orders: Hatch First 

Get SALT Encoding   

  12  0:00  Drone  
  13  0:07  Drone  
  13  0:14  Extractor  
  13  0:15  Drone  
  15  0:21  Overlord  
  15  0:40  Drone  
  16  0:44  Hatchery  
  16  0:49  Drone  
  16  0:52  Drone  
  16  0:56  Drone  
  18  1:05  Extractor  
  18  1:10  Spawning Pool  
  16  1:13  Drone  
  16  1:17  Drone  
  18  1:26  Drone  
  19  1:37  Drone  
  20  1:48  Drone  
  21  1:57  Drone, Queen x2  
  21  1:59  Zergling x2  
  27  2:07  Overlord  
  27  2:09  Drone  
  27  2:10  Metabolic Boost  
  28  2:25  Zergling x2  
  28  2:26  Drone  
  28  2:29  Drone  
  31  2:31  Drone  
  31  2:36  Hatchery  
  31  2:40  Drone  
  31  2:42  Drone  
  33  2:50  Queen  
  35  2:54  Overlord  
  35  2:56  Drone  
  36  3:02  Baneling Nest  
  36  3:04  Drone  
  36  3:13  Zergling x6  
  36  3:14  Overlord  
  36  3:17  Drone x2  
  42  3:20  Zergling x2  
  42  3:29  Zergling x4  
  44  3:36  Zergling x4  
  44  3:37  Zergling x2, Roach Warren  
  44  3:38  Zergling x2  
  44  3:40  Zergling x2  
  47  3:43  Zergling x2  
  47  3:45  Baneling x3  
  48  3:49  Zergling x4  
  48  3:54  Drone  
  51  3:59  Drone, Overlord  
  52  4:11  Hatchery  
  52  4:12  Overlord  
  52  4:15  Drone  
  52  4:20  Drone x2, Baneling  
  52  4:21  Baneling x2  
  52  4:23  Drone  
  52  4:26  Drone x2  
  52  4:31  Drone  
  52  4:38  Drone  
  49  4:43  Roach  
  49  4:44  Roach  
  49  4:45  Roach x2  
  56  4:46  Evolution Chamber  
  56  4:49  Extractor  
  56  4:51  Roach x2  
  57  4:53  Drone x2  
  57  4:58  Roach  
  61  5:00  Drone  
  61  5:04  Drone  
  62  5:12  Drone x3  
  62  5:13  Drone  
  66  5:15  Drone  
  66  5:20  Overlord x3  
  67  5:22  Lair  
  67  5:24  Drone  
  67  5:26  Drone, Extractor  
  67  5:28  Drone  
  68  5:34  Roach  
  68  5:35  Roach  
  71  5:39  Roach  
  73  5:46  Roach x2  
  73  5:48  Spine Crawler  
  73  5:49  Roach  
  78  5:53  Overlord, Roach  
  82  5:57  Overlord, Roach  
  82  5:59  Overlord  
  82  6:02  Roach  
  82  6:03  Roach  
  85  6:06  Roach  
  85  6:08  Zergling x2  
  85  6:09  Roach  
  90  6:11  Roach  
  90  6:14  Roach  
  90  6:18  Zergling x2, Roach  
  97  6:20  Drone  
  97  6:21  Roach  
  97  6:25  Zergling x2, Roach  
  100  6:28  Roach  
  100  6:31  Zergling x2, Roach  
  105  6:35  Zergling x2, Roach  
  105  6:38  Drone x2  
  110  6:44  Glial Reconstitution  
  110  6:46  Drone  
  110  6:47  Drone x2  
  113  6:50  Drone  
  113  6:51  Overlord  
  113  6:58  Zerg Missile Weapons Level 1  
  113  6:59  Drone  
  113  7:00  Overlord  
  113  7:01  Overlord  
  114  7:10  Drone x6  
  114  7:11  Drone  
  114  7:12  Overseer  
  120  7:16  Drone  
  120  7:17  Overlord  
  120  7:18  Drone  
  120  7:19  Drone  
  120  7:21  Drone  
  124  7:26  Drone x4  
  128  7:31  Extractor, Roach x2  
  128  7:32  Extractor  
  128  7:33  Roach  
  128  7:34  Overlord  
  132  7:37  Roach  
  132  7:39  Roach  
  132  7:41  Roach  
  132  7:43  Overlord  
  138  7:46  Roach x2  
  138  7:47  Ravager x2  
  138  7:51  Overlord x2  
  144  7:53  Roach  
  144  7:58  Overlord  
  146  7:59  Overlord x2  
  146  8:02  Roach x2  
  146  8:03  Ravager  
  146  8:05  Roach  
  153  8:08  Overlord  
  153  8:09  Roach  
  153  8:11  Roach  
  159  8:13  Roach  
  159  8:14  Roach  
  159  8:16  Roach  
  159  8:17  Roach  
  159  8:19  Roach  
  164  8:23  Roach x2  
  164  8:24  Roach  
  164  8:26  Roach  
  154  8:27  Roach  
  154  8:29  Roach  
  154  8:31  Roach  
  154  8:33  Roach  
  141  8:35  Roach  
  141  8:36  Zergling x2  
  141  8:37  Roach  
  141  8:40  Zergling x2, Roach  
  119  8:42  Roach  
  119  8:45  Roach  
  110  8:48  Roach  
  110  8:49  Zergling x2  
Show
View Real Time Build Order
Export as new Build Order

Solar Zerg - Winner!

Build Orders: Hatch First 

Get SALT Encoding   

  12  0:00  Drone  
  13  0:07  Drone  
  14  0:14  Extractor  
  14  0:15  Drone  
  15  0:21  Overlord  
  15  0:40  Drone  
  16  0:45  Hatchery  
  16  0:49  Drone  
  16  0:53  Drone  
  16  0:55  Drone  
  18  1:01  Extractor  
  17  1:12  Spawning Pool  
  17  1:14  Drone  
  17  1:18  Drone  
  18  1:26  Drone  
  19  1:37  Drone  
  20  1:48  Drone  
  21  1:58  Queen  
  21  1:59  Zergling x2, Queen  
  26  2:01  Overlord  
  26  2:06  Metabolic Boost  
  26  2:10  Drone  
  26  2:13  Drone  
  28  2:21  Zergling x2  
  28  2:22  Drone  
  30  2:34  Hatchery  
  29  2:37  Drone x2  
  31  2:46  Baneling Nest  
  31  2:48  Drone  
  31  2:49  Overlord  
  31  2:54  Zergling x2  
  31  2:55  Drone  
  33  3:08  Zergling x10  
  33  3:09  Zergling x2  
  33  3:11  Zergling x2  
  40  3:15  Zergling x2  
  40  3:19  Overlord  
  41  3:22  Drone  
  42  3:30  Drone x2  
  44  3:39  Baneling  
  44  3:40  Drone x2  
  46  3:42  Drone x2  
  46  3:44  Drone x2  
  46  3:45  Zergling x2  
  46  3:46  Drone  
  52  3:52  Drone  
  50  3:58  Baneling  
  50  4:02  Zergling x4  
  51  4:03  Roach Warren  
  51  4:05  Baneling x2  
  51  4:07  Zergling x4  
  52  4:14  Overlord, Extractor  
  52  4:16  Queen  
  50  4:17  Zergling x6  
  50  4:19  Zergling x2  
  50  4:22  Baneling  
  55  4:24  Zergling x4  
  55  4:27  Zergling x4  
  54  4:32  Zergling x6  
  54  4:34  Baneling  
  54  4:36  Zergling x2  
  54  4:37  Zergling x2  
  56  4:38  Baneling  
  56  4:41  Zergling x2  
  56  4:43  Overlord  
  56  4:46  Roach x2  
  56  4:48  Roach  
  56  4:52  Roach  
  64  4:56  Roach  
  64  4:58  Overlord  
  66  5:00  Overlord  
  66  5:05  Roach  
  66  5:07  Roach  
  70  5:09  Roach  
  70  5:14  Roach x2  
  70  5:19  Roach  
  75  5:23  Roach  
  75  5:25  Drone  
  75  5:26  Drone  
  78  5:30  Roach  
  78  5:31  Drone x3  
  78  5:35  Drone  
  83  5:38  Drone  
  83  5:39  Evolution Chamber  
  83  5:43  Drone  
  83  5:46  Drone  
  83  5:49  Extractor  
  84  5:52  Lair  
  84  5:53  Drone x3  
  84  5:54  Drone  
  84  5:55  Drone  
  88  6:03  Drone x2  
  88  6:04  Extractor, Zerg Missile Weapons Level 1  
  88  6:05  Drone x2  
  88  6:08  Drone  
  89  6:11  Overlord  
  89  6:12  Drone  
  89  6:23  Roach x2  
  89  6:24  Roach  
  90  6:26  Overlord  
  90  6:29  Drone, Extractor  
  90  6:30  Roach  
  90  6:31  Roach x2  
  90  6:32  Overlord  
  96  6:34  Roach  
  96  6:36  Overlord  
  98  6:40  Overlord  
  98  6:44  Overlord  
  98  6:45  Roach  
  102  6:47  Roach  
  102  6:50  Glial Reconstitution  
  102  6:53  Overseer, Roach x2  
  106  6:57  Roach  
  106  7:00  Roach x2  
  112  7:03  Roach  
  112  7:04  Roach  
  112  7:08  Roach  
  118  7:10  Roach x2  
  118  7:15  Overlord  
  122  7:16  Roach  
  122  7:22  Roach x3  
  130  7:27  Roach  
  130  7:28  Roach x2  
  136  7:30  Roach  
  136  7:35  Ravager  
  139  7:38  Roach x3  
  139  7:40  Overlord  
  139  7:43  Overlord  
  145  7:46  Ravager  
  145  7:47  Overlord  
  145  7:49  Overlord  
  146  7:54  Overlord  
  146  8:00  Roach x3  
  146  8:02  Roach  
  156  8:05  Roach  
  156  8:08  Roach x2  
  156  8:12  Roach  
  162  8:14  Roach  
  162  8:16  Roach  
  162  8:18  Roach  
  166  8:26  Roach x2  
  166  8:27  Roach  
  162  8:30  Roach  
  162  8:31  Roach  
  146  8:34  Roach  
  146  8:39  Roach x3  
  140  8:43  Roach  
  140  8:47  Roach  
  140  8:48  Roach  
  134  8:49  Roach  
Tags
 
Add a new tag
Caveats
  • Supply blocks, unpowered buildings, or Contaminate may cause inaccurate times.
  • Supply counts are checked every 10 seconds.